 Dungeon Crawl Stone Soup version 0.30-a0-916-g98134172ad (webtiles) character file.

Game seed: 11434119437257328616

79 Cecky the Conjurer (level 4, -7/32 HPs)
             Began as a Gnoll Conjurer on Mar 20, 2023.
             Killed from afar by an orc wizard (9 damage)
             ... with a magic dart
             ... on level 3 of the Dungeon.
             The game lasted 00:05:30 (2176 turns).

Cecky the Conjurer (Gnoll Conjurer)                 Turns: 2176, Time: 00:05:34

Health: -7/32      AC:  2    Str:  8    XL:     4   Next: 38%
Magic:  6/11       EV: 13    Int: 17    God:
Gold:   133        SH:  0    Dex: 11    Spells: 9/13 levels left

rFire   . . .      SeeInvis .    g - +0 club
rCold   . . .      Faith    .    (no shield)
rNeg    . . .      Spirit   .    a - +0 robe
rPois   .          Reflect  .    (no helmet)
rElec   .          Rampage  .    e - scarf {+Inv}
rCorr   .                        (no gloves)
Will    .....                    (no boots)
Stlth   ++                       (no amulet)
HPRegen 0.25/turn                (no ring)
MPRegen 0.12/turn                (no ring)

@: flying
A: fangs 1, strong nose, distributed training
a: Evoke Invisibility


You were on level 3 of the Dungeon.
You visited 1 branch of the dungeon, and saw 3 of its levels.

You collected 133 gold pieces.

Inventory:

Hand Weapons
 g - a +0 club (weapon)
Missiles
 h - 4 poisoned darts
Armour
 a - a +0 robe (worn)
 e - a scarf of invisibility (worn)
Jewellery
 m - a +6 ring of intelligence
Wands
 s - a wand of iceblast (5)
Scrolls
 d - 6 scrolls of identify {unknown}
 i - 4 scrolls of fear {unknown}
 j - 3 scrolls of teleportation {unknown}
 l - 2 scrolls of torment {unknown}
 n - a scroll of enchant armour {unknown}
 p - a scroll of enchant weapon {unknown}
 u - a scroll of immolation {unknown}
Potions
 b - a potion of magic
 c - a potion of resistance {unknown}
 f - a potion of flight
 k - a potion of degeneration {unknown}
 o - a potion of heal wounds {unknown}
 q - a potion of lignification {unknown}
 r - 2 potions of invisibility {unknown}
 t - a potion of ambrosia {unknown}
 v - a potion of curing {unknown}


   Skills:
 + Level 1.2 Fighting
 + Level 1.2 Short Blades
 + Level 1.2 Long Blades
 + Level 1.2 Axes
 + Level 1.2 Maces & Flails
 + Level 1.2 Polearms
 + Level 1.2 Staves
 + Level 1.2 Ranged Weapons
 + Level 1.2 Throwing
 + Level 1.2 Armour
 + Level 4.6 Dodging
 + Level 4.3 Stealth
 + Level 1.2 Shields
 + Level 1.2 Unarmed Combat
 + Level 5.1 Spellcasting
 + Level 7.1 Conjurations
 + Level 1.0 Hexes
 + Level 1.0 Summonings
 + Level 1.0 Necromancy
 + Level 1.0 Translocations
 + Level 1.0 Transmutations
 + Level 1.0 Fire Magic
 + Level 1.0 Ice Magic
 + Level 1.0 Air Magic
 + Level 1.0 Earth Magic
 + Level 1.0 Poison Magic
 + Level 1.3 Invocations
 + Level 1.2 Evocations


You had 9 spell levels left.
You knew the following spells:

 Your Spells              Type           Power      Damage    Failure   Level
a - Magic Dart            Conj           100%       1d8       1%          1
b - Mephitic Cloud        Conj/Pois/Air  14%        N/A       12%         3

Your spell library contained the following spells:

 Spells                   Type           Power      Damage    Failure   Level
 Searing Ray              Conj           56%        2d6       1%          2
 Static Discharge         Conj/Air       36%        2-4/arc   4%          2
 Dazzling Flash           Conj/Hex       36%        N/A       8%          3
 Apportation              Tloc           14%        N/A       10%         1
 Freeze                   Ice            28%        1d5       10%         1
 Necrotise                Necr           28%        1d5       10%         1
 Slow                     Hex            28%        N/A       10%         1
 Summon Small Mammal      Summ           28%        N/A       10%         1
 Call Imp                 Summ           7%         N/A       14%         2
 Fulminant Prism          Conj/Hex       9%         3d7       26%         4
 Iskenderun's Mystic Bla  Conj/Tloc      18%        2d6       26%         4
 Confusing Touch          Hex            7%         N/A       28%         3
 Vampiric Draining        Necr           7%         2d6       28%         3
 Vhi's Electric Charge    Tloc/Air       14%        N/A       28%         3
 Arcjolt                  Conj/Air       9%         1d19      58%         5
 Plasma Beam              Fire/Air       3%         2x1d15    95%         5


Dungeon Overview and Level Annotations

Branches:
Dungeon (3/15)

Altars:


Innate Abilities, Weirdness & Mutations

You have very sharp teeth.
Your uncanny sense of smell can sniff out nearby items.
Your experience applies equally to all skills.


Message History

Confirm with . or Enter, or press ? or * to list all spells.
You don't know that spell.
Unknown command.
You miss something.
You hear some strange, mumbled words.
You are confused.
You miss something.
You hear some strange, mumbled words.
Something tries to affect you, but you resist.
Something hits you.
You barely miss something.
You hear some strange, mumbled words.
Something tries to affect you, but you resist.
You bump into the rock wall.
Something hits you.
You bump into the rock wall.
You hear some strange, mumbled words.
Something tries to affect you, but you resist.
You closely miss something. Your bite misses something.
Something barely misses you.
You bump into the rock wall.
You feel less confused.
You hear some strange, mumbled words.
A magic dart appears from out of thin air!
The magic dart hits you.
You miss something. Something hits you.
You closely miss something.
You hear some strange, mumbled words.
A puff of flame appears from out of thin air!
The puff of flame hits you!
* * * LOW HITPOINT WARNING * * *
Something hits you.
* * * LOW HITPOINT WARNING * * *
You hear a shout!
It was a potion of flight.
You feel very buoyant.
You fly up into the air.
You hear some strange, mumbled words.
A magic dart appears from out of thin air!
The magic dart hits you!
You die... oo

♣≈~≈ ♣≈~≈♣ o#
..≈♣♣♣≈~≈♣♣♣≈~≈♣♣ .#
..~≈≈≈≈≈~≈≈≈≈≈.≈≈≈ ..
.~~~~.~...~~~.... .#
#~≈≈≈≈≈.≈≈≈≈≈.≈≈≈ .#
#~≈♣ ♣≈.≈♣♣♣≈.≈♣♣
####o# ###~≈♣ ♣≈~≈♣
♣≈.≈♣ #....#
##{#~≈♣♣♣≈.≈♣♣♣≈~≈♣♣
#.####
##.#@~≈≈≈≈≈~≈≈≈≈≈~≈≈≈
###.###
##.###~.~..~~~..~..~~.
#.....# ##.##
#.≈≈≈≈≈.≈≈≈≈≈~≈≈≈
#.#.#.####.##
#.≈♣♣♣≈.≈♣♣♣≈~≈♣♣
#.#...o.o...# #~≈♣
♣≈~≈♣ ♣≈~≈♣ #
###.######.# #~≈♣
♣≈~≈♣ ♣≈~≈♣ ...#
#.#..≈≈≈≈≈~≈≈≈≈≈~≈≈≈
#####
#.#.~~~..~..~~.~~..
###.#########.#....


There were no monsters in sight!

Vanquished Creatures
  3 adders (D:2)
  A worm (D:2)
  5 orcs (D:3)
  3 ball pythons
  6 bats
  An endoplasm (D:2)
  3 giant cockroaches
  2 goblins (D:2)
  7 hobgoblins
  5 kobolds
  A quokka (D:2)
  4 frilled lizards
41 creatures vanquished.

Notes
Turn   | Place    | Note
-------+----------+-------------------------------------------
     0 | D:1      | Cecky the Gnoll Conjurer began the quest for the Orb.
     0 | D:1      | Reached XP level 1. HP: 13/13 MP: 6/6
   576 | D:1      | Reached XP level 2. HP: 19/19 MP: 5/7
  1064 | D:2      | Reached skill level 5 in Spellcasting
  1064 | D:2      | Reached XP level 3. HP: 25/25 MP: 5/9
  1104 | D:2      | Reached skill level 1 in Invocations
  1194 | D:2      | Learned a level 3 spell: Mephitic Cloud
  1219 | D:2      | Reached skill level 1 in Fighting
  1219 | D:2      | Reached skill level 1 in Short Blades
  1219 | D:2      | Reached skill level 1 in Long Blades
  1219 | D:2      | Reached skill level 1 in Axes
  1219 | D:2      | Reached skill level 1 in Maces & Flails
  1219 | D:2      | Reached skill level 1 in Polearms
  1219 | D:2      | Reached skill level 1 in Staves
  1219 | D:2      | Reached skill level 1 in Ranged Weapons
  1219 | D:2      | Reached skill level 1 in Throwing
  1219 | D:2      | Reached skill level 1 in Armour
  1219 | D:2      | Reached skill level 1 in Shields
  1219 | D:2      | Reached skill level 1 in Unarmed Combat
  1219 | D:2      | Reached skill level 1 in Evocations
  1304 | D:2      | Reached XP level 4. HP: 32/32 MP: 9/11
  1488 | D:2      | Found a faded altar of an unknown god.
  1495 | D:2      | Got Plato's Almanac of the Blizzard
  2152 | D:3      | Reached skill level 1 in Hexes
  2152 | D:3      | Reached skill level 1 in Summonings
  2152 | D:3      | Reached skill level 1 in Necromancy
  2152 | D:3      | Reached skill level 1 in Translocations
  2152 | D:3      | Reached skill level 1 in Transmutations
  2152 | D:3      | Reached skill level 1 in Fire Magic
  2152 | D:3      | Reached skill level 1 in Ice Magic
  2152 | D:3      | Reached skill level 1 in Air Magic
  2152 | D:3      | Reached skill level 1 in Earth Magic
  2152 | D:3      | Reached skill level 1 in Poison Magic
  2176 | D:3      | Killed from afar by an orc wizard

Illustrated notes

Levels and vault maps discovered:
D:1:      lightli_arrival_statue_moat, layout_basic,
          hangedman_decor_peaks_small, minmay_hexomino_p4
D:2:      layout_basic, shapermc_ecumenical_altar_rom_forum,
          minmay_misc_feat_roman
D:3:      layout_loops_corners, kennysheep_boxes

Skill      XL: |  1  2  3  4 |
---------------+-------------+-----
Spellcasting   | 5 |  5.1
Invocations    | 1 |  1.3
Fighting       | 1 |  1.2
Short Blades   | 1 |  1.2
Long Blades    | 1 |  1.2
Axes           | 1 |  1.2
Maces & Flails | 1 |  1.2
Polearms       | 1 |  1.2
Staves         | 1 |  1.2
Ranged Weapons | 1 |  1.2
Throwing       | 1 |  1.2
Armour         | 1 |  1.2
Shields        | 1 |  1.2
Unarmed Combat | 1 |  1.2
Evocations     | 1 |  1.2
Hexes          | 1 |  1.0
Summonings     | 1 |  1.0
Necromancy     | 1 |  1.0
Translocations | 1 |  1.0
Transmutations | 1 |  1.0
Fire Magic     | 1 |  1.0
Ice Magic      | 1 |  1.0
Air Magic      | 1 |  1.0
Earth Magic    | 1 |  1.0
Poison Magic   | 1 |  1.0
Dodging        | |  4.6
Stealth        | |  4.3
Conjurations   | |  7.1

Action                     |  1- 3 |  4- 6 || total
---------------------------+-------+-------++-------
  Melee: Club              |       |    15 ||    15
   Cast: Magic Dart        |    49 |    28 ||    77
    Use: Potion            |       |     1 ||     1
 Armour: Robe              |     2 |     2 ||     4
  Dodge: Dodged            |     1 |     8 ||     9

Table legend: (Time is in decaauts)
 A = Elapsed time spent in this place.
 B = Non-inter-level travel time spent in this place.
 C = Inter-level travel time spent in this place.
 D = Time resting spent in this place.
 E = Time spent auto-exploring this place.
 F = Levels seen in this place.
 G = Mean time per level.
                   A        B        C        D        E       F      G
               +--------+--------+--------+--------+--------+-----+--------+
         Total |   2190 |   2150 |     40 |     62 |   1835 |   3 |  730.0 |
       Dungeon |   2190 |   2150 |     40 |     62 |   1835 |   3 |  730.0 |
               +--------+--------+--------+--------+--------+-----+--------+

Top non-repeatable levels by time:
     D:2: 1037 daAuts
     D:1: 706 daAuts
     D:3: 445 daAuts
